 Dungeon Crawl Stone Soup version 0.30-a0-371-gad7725a93e (webtiles) character file.

Game seed: 5879026389043911066

1442 skoleks the Cleaver (level 8, -1/70 HPs)
             Began as a Minotaur Berserker on Nov 20, 2022.
             Was a Priest of Trog.
             Killed from afar by an electric eel (4 damage)
             ... with a bolt of electricity
             ... on level 5 of the Dungeon on Nov 21, 2022.
             The game lasted 00:27:32 (4749 turns).

skoleks the Cleaver (Minotaur Berserker)            Turns: 4749, Time: 00:27:33

Health: -1/70      AC: 13    Str: 25    XL:     8   Next: 46%
Magic:  7/7        EV:  9    Int: 10    God:    Trog [***...]
Gold:   211        SH:  0    Dex:  9    Spells: 7/7 levels left

rFire   + . .      SeeInvis .    r - +12 hand axe of Karma {vorpal, rF+ rC- rN+ Will+, SLASH}
rCold   x . .      Faith    .    (no shield)
rNeg    + . .      Spirit   .    p - +0 chain mail
rPois   +          Reflect  .    (helmet restricted)
rElec   .          Harm     .    e - +0 cloak
rCorr   .          Rampage  .    c - +0 pair of gloves
Will    +....                    s - +0 pair of boots
Stlth   ..........               (no amulet)
HPRegen 0.31/turn                w - +6 ring of intelligence
MPRegen 0.10/turn                C - ring of poison resistance

@: about to teleport, on berserk cooldown, slowed, very slow
A: horns 2, retaliatory headbutt
a: Renounce Religion, Berserk, Trog's Hand


You were on level 5 of the Dungeon.
You worshipped Trog.
Trog was most pleased with you.
You visited 2 branches of the dungeon, and saw 6 of its levels.

You collected 211 gold pieces.

Inventory:

Hand Weapons
 g - a +1 halberd of holy wrath
 m - a +1 scythe
 n - a +6 flail of holy wrath
 r - the +12 hand axe of Karma (weapon) {vorpal, rF+ rC- rN+ Will+, SLASH}
   (You found it on level 2 of the Dungeon)

   It inflicts extra damage upon your enemies.
   rF:        It protects you from fire.
   rC:        It makes you vulnerable to cold.
   rN:        It protects you from negative energy.
   Will:      It increases your willpower.
Missiles
 i - 2 curare-tipped darts (quivered)
Armour
 c - a +0 pair of gloves (worn)
 e - a +0 cloak (worn)
 f - a +0 chain mail
 h - a +0 ring mail
 p - a +0 chain mail (worn)
 s - a +0 pair of boots (worn)
 t - a +0 helmet
 v - a +0 scale mail
Jewellery
 w - a +6 ring of intelligence (left hand)
 C - a ring of poison resistance (right hand)
Wands
 A - a wand of roots (12)
Scrolls
 b - a scroll of brand weapon {unknown}
 j - 4 scrolls of summoning {unknown}
 o - 3 scrolls of teleportation
 u - a scroll of magic mapping {unknown}
 x - a scroll of poison {unknown}
 y - a scroll of silence {unknown}
 D - a scroll of enchant armour {unknown}
Potions
 a - 2 potions of curing
 d - a potion of cancellation {unknown}
 k - 2 potions of invisibility
 l - a potion of heal wounds {unknown}
 q - 2 potions of flight
 z - a potion of magic {unknown}
 B - 2 potions of mutation


   Skills:
 + Level 6.2 Fighting
 * Level 10.0(10.1) Axes
 - Level 2.1(6.6) Polearms
 + Level 5.8 Armour
 + Level 3.5 Dodging
 + Level 0.5 Stealth


You had 7 spell levels left.
You didn't know any spells.
Your spell library contained the following spells:

 Spells                   Type           Power      Damage    Failure   Level
 Kiss of Death            Conj/Necr      0%         2d5       93%         1
 Confusing Touch          Hex            0%         N/A       100%        3
 Gell's Gravitas          Tloc           0%         N/A       100%        3
 Teleport Other           Tloc           0%         N/A       100%        3
 Dispel Undead            Necr           0%         3d6       100%        4
 Dispersal                Tloc           0%         N/A       100%        6


Dungeon Overview and Level Annotations

Branches:
Dungeon (5/15)             Temple (1/1) D:4

Altars:
Ashenzari
Cheibriados
Elyvilon
Gozag
Kikubaaqudgha
Qazlal
Ru
Sif Muna
Uskayaw
Vehumet
Wu Jian
Yredelemnul
The Shining One

Shops:
D:3 [   D:4 **

Annotations:
D:4 3 runed translucent doors, bigduke15's ghost, amateur KoHu


Innate Abilities, Weirdness & Mutations

You have a pair of horns on your head.
You reflexively headbutt those who attack you in melee.


Message History

You slash the plant! You headbutt the plant!
The plant is lightly damaged.
The electric eel shoots out a bolt of lightning at you!
The bolt of electricity hits you!
The electric eel shoots out a bolt of lightning at you!
The bolt of electricity hits you!
You slash the plant! You headbutt the plant!
The plant is moderately damaged.
Your unstable footing causes you to fumble your attack.
The electric eel shoots out a bolt of lightning at you!
The bolt of electricity misses you.
The electric eel shoots out a bolt of lightning at you!
The bolt of electricity hits the plant!
The bolt of electricity hits you.
Okay, then.
You are too berserk!
Your unstable footing causes you to fumble your attack.
Your unstable footing causes you to fumble your attack.
A nearby plant withers and dies.
The electric eel shoots out a bolt of lightning at you!
The bolt of electricity hits you!
* * * LOW HITPOINT WARNING * * *
The electric eel shoots out a bolt of lightning at you!
The bolt of electricity hits you.
* * * LOW HITPOINT WARNING * * *
The electric eel shoots out a bolt of lightning at you!
The bolt of electricity hits you!
* * * LOW HITPOINT WARNING * * *
You are no longer berserk.
You are exhausted.
You feel yourself slow down.
The electric eel shoots out a bolt of lightning at you!
The bolt of electricity misses you.
The electric eel shoots out a bolt of lightning at you!
The bolt of electricity hits you!
* * * LOW HITPOINT WARNING * * *
As you read the scroll of teleportation, it crumbles to dust.
You feel strangely unstable.
The electric eel shoots out a bolt of lightning at you!
The bolt of electricity hits you.
You die...

##.#####~######.#..........
###SSS##~~...##...........
#≈≈.≈≈######~##..........
#~~!.(##≈≈≈##~#....#.....
#/P.~?#SS.≈≈#~#..####....
#.~..~#?)..S#~#.## ##...
#.....#~~~.(#~### ##..
#.....#~~.~~#.# ##.
###'..##.@...#.# ##
#..#####.....#.# #
##..÷~~##'..##.# #
#####~..####~## ######### #
###...~~## ##........ ###
#.##########......... ..##
#..## #.##.......... ...##
#...####......#####.. ....#
######...##.<..#### ##..


You could see 3 electric eels.

Vanquished Creatures
  Sigmund (D:2)
  A yak (D:5)
  A steam dragon (D:5)
  Edmund (D:4)
  A water moccasin (D:5)
  A black bear (D:5)
  2 ogres
  2 phantoms (D:5)
  2 orc priests
  Terence (D:2)
  A gnoll bouda (D:5)
  2 orc wizards
  3 gnolls (D:5)
  4 adders
  An ufetubus (D:5)
  4 worms
  6 dart slugs
  14 orcs
  8 bats
  7 endoplasms
  5 giant cockroaches
  6 goblins
  10 hobgoblins
  7 jackals
  2 quokkas
  6 ball pythons
  4 frilled lizards
  7 kobolds
  5 rats
115 creatures vanquished.

Vanquished Creatures (others)
  6 plants (D:5)
6 creatures vanquished.

Grand Total: 121 creatures vanquished

Notes
Turn   | Place    | Note
-------+----------+-------------------------------------------
     0 | D:1      | skoleks the Minotaur Berserker began the quest for the Orb.
     0 | D:1      | Reached XP level 1. HP: 19/19 MP: 0/0
   202 | D:1      | Reached XP level 2. HP: 27/27 MP: 1/1
   206 | D:1      | Reached skill level 4 in Axes
   559 | D:1      | Reached XP level 3. HP: 33/33 MP: 2/2
   748 | D:2      | Reached ** piety under Trog
   751 | D:2      | Noticed Sigmund
   770 | D:2      | Killed Sigmund
   771 | D:2      | Reached skill level 5 in Fighting
   771 | D:2      | Reached skill level 5 in Axes
   771 | D:2      | Reached XP level 4. HP: 38/42 MP: 3/3
   771 | D:2      | Reached XP level 5. HP: 44/48 MP: 4/4
   892 | D:2      | Reached skill level 1 in Polearms
  1011 | D:2      | Noticed Terence
  1019 | D:2      | Killed Terence
  1260 | D:2      | Identified the +12 hand axe of Karma {vorpal, rF+ rC- rN+
                  | Will+}
  1673 | D:3      | Reached XP level 6. HP: 52/56 MP: 5/5
  1756 | D:3      | Reached skill level 6 in Axes
  1909 | D:3      | Reached *** piety under Trog
  1912 | D:3      | Found Nyin Meixza's Armour Boutique.
  2394 | D:4      | Found a stormy altar of Qazlal.
  2428 | D:4      | Noticed Edmund
  2432 | D:4      | Killed Edmund
  2466 | D:4      | Found a runed translucent gate.
  2468 | D:4      | Noticed bigduke15's ghost (amateur KoHu)
  2470 | D:4      | Found a runed translucent gate.
  2470 | D:4      | Found a runed translucent gate.
  2678 | D:4      | Reached skill level 7 in Axes
  2678 | D:4      | Reached XP level 7. HP: 50/61 MP: 6/6
  2736 | D:4      | Found Ruguatap's General Store.
  2739 | D:4      | Found Reeruew's Specific Store.
  3051 | D:4      | Found a staircase to the Ecumenical Temple.
  3065 | Temple   | Entered the Ecumenical Temple
  3400 | D:5      | Entered Level 5 of the Dungeon
  3492 | D:5      | Reached skill level 8 in Axes
  3641 | D:5      | Noticed a steam dragon
  3649 | D:5      | Killed a steam dragon
  3650 | D:5      | Reached skill level 5 in Armour
  3722 | D:5      | Reached skill level 9 in Axes
  3722 | D:5      | Reached XP level 8. HP: 53/70 MP: 7/7
  3828 | D:5      | Found a white marble altar of Elyvilon.
  4484 | D:5      | Reached skill level 10 in Axes
  4748 | D:5      | HP: 2/70 [electric eel/bolt of electricity (9)]
  4749 | D:5      | Killed from afar by an electric eel

Illustrated notes

Levels and vault maps discovered:
D:1:      wander_arrival_estate, layout_loops_cross
D:2:      minmay_door_path, layout_rooms, kennysheep_boxes, uniq_terence,
          uniq_sigmund
D:3:      layout_loops_cross, serial_shops, nicolae_shop_trees,
          nrook_loot_triangle
D:4:      wad_pebble_path, layout_basic, nicolae_qazlal_scattered_showers,
          minmay_temple_entry_grid, gammafunk_ghost_nasty_kobolds,
          nicolae_specific_store, uniq_edmund
D:5:      cheibrodos_two_vegetables, layout_layer_cave,
          nicolae_overflow_crystal_walls
Temple:   grunt_temple_mini_profane

Skill      XL: |  1  2  3  4  5  6  7  8 |
---------------+-------------------------+-----
Axes           | 4 5 7 9 10 | 10.0
Fighting       | 4 5 6 |  6.2
Armour         | 3 4 5 |  5.8
Dodging        | 3 |  3.5
Polearms       | 2 |  2.1
Stealth        | |  0.5

Action                   |  1- 3 |  4- 6 |  7- 9 || total
-------------------------+-------+-------+-------++-------
Melee: Hand axe          |    41 |    44 |    65 ||   150
       Headbutt          |    10 |    20 |    15 ||    45
       War axe           |    16 |       |       ||    16
       Halberd           |       |    47 |       ||    47
Invok: Berserk           |     1 |     2 |     2 ||     5
  Use: Scroll            |       |     5 |     5 ||    10
       Potion            |       |     2 |       ||     2
Armor: Animal skin       |     9 |       |       ||     9
       Ring mail         |     5 |    25 |       ||    30
       Chain mail        |       |     7 |    20 ||    27
       Scale mail        |       |     5 |       ||     5
Dodge: Dodged            |    31 |    49 |    21 ||   101

Table legend: (Time is in decaauts)
 A = Elapsed time spent in this place.
 B = Non-inter-level travel time spent in this place.
 C = Inter-level travel time spent in this place.
 D = Time resting spent in this place.
 E = Time spent auto-exploring this place.
 F = Levels seen in this place.
 G = Mean time per level.
                   A        B        C        D        E       F      G
               +--------+--------+--------+--------+--------+-----+--------+
         Total |   4833 |   4747 |     86 |      0 |   3294 |   6 |  805.5 |
       Dungeon |   4573 |   4509 |     64 |      0 |   3147 |   5 |  914.6 |
        Temple |    259 |    237 |     22 |      0 |    147 |   1 |  259.0 |
               +--------+--------+--------+--------+--------+-----+--------+

Top non-repeatable levels by time:
     D:5: 1377 daAuts
     D:4: 949 daAuts
     D:2: 887 daAuts
     D:1: 716 daAuts
     D:3: 642 daAuts
  Temple: 259 daAuts
